AoeStats
← ogipochi_

Nomad

503743893Analyzed
4v4 RM · 1mo ago on Sep 2, 2026· 50m 18s· 8 players
Game mode
Random Map
Map size
231×231
Population
200
Speed
Normal
Resources
Standard
Victory
Conquest
Starting age
Dark Age
Ending age
Imperial Age
RankedLock teamsTeams togetherTeam positionsShared explorationLock speedFull tech treeHidden civsTurbo modeCheats
Victory
Defeat
🇨🇱 Vikings · Chile
1045
+10
🇨🇱 Vietnamese · Chile
970
+13
🇲🇽 Magyars · Mexico
952
+14
🇻🇪 Cumans · Venezuela
920
+15
🇦🇷 Italians · Argentina
920
-14
🇨🇦 Japanese · Canada
906
-13
🇵🇪 Shu · Peru
906
-13
🇯🇵 Wei · Japan
883
-12
ogipochi_
8:31 Loom
17:11 Feudal Age
17:36 Double-Bit Axe
17:33 Horse Collar
17:45 Gold Mining
17:46 Stone Mining
18:35 Wheelbarrow
17:47 Town Watch
21:52 Bloodlines
21:59 Forging
21:55 Scale Barding Armor
24:56 Castle Age
23:24 Fishing Lines
26:34 Gold Shaft Mining
26:12 Bow Saw
26:53 Iron Casting
26:39 Chain Barding Armor
26:23 Husbandry
29:40 Town Patrol
32:10 Tuntian
34:06 Medium Warships
34:33 Hand Cart
38:37 Imperial Age
39:02 Gillnets
40:33 Conscription
40:39 Ming Guang Armor
39:38 Heavy Hei Guang Cavalry
42:23 Elite Tiger Cavalry
Yggdrasil
8:19 Loom
13:17 Feudal Age
14:40 Fishing Lines
16:00 Double-Bit Axe
19:09 Wheelbarrow
20:39 Town Watch
23:10 Castle Age
21:40 Horse Collar
21:55 Gold Mining
24:58 Bow Saw
24:51 Heavy Plow
25:54 Gold Shaft Mining
25:23 Gillnets
26:00 Stone Mining
26:18 Town Patrol
28:07 Hand Cart
28:15 Fletching
28:25 Padded Archer Armor
30:22 Ballistics
30:02 Bodkin Arrow
31:50 Masonry
34:36 Imperial Age
35:49 Murder Holes
39:46 Imperial Age
40:44 Siege Engineers
41:40 Chemistry
43:15 Conscription
42:56 Bolt Magazine
43:05 Bracer
43:21 Leather Archer Armor
44:03 Thumb Ring
44:15 Squires
44:01 Gambesons
44:22 Squires
45:54 Fortified Wall
46:14 Architecture
47:46 Pikeman
48:33 Halberdier
sensticks
4:35 Loom
14:53 Feudal Age
16:16 Wheelbarrow
15:32 Double-Bit Axe
16:50 Fishing Lines
21:40 Castle Age
24:40 Yasama
26:58 Forging
26:41 Fletching
29:20 Bodkin Arrow
29:19 Arson
30:23 Pikeman
32:10 Scale Mail Armor
32:20 Forging
38:19 Hand Cart
38:24 Forging
43:59 Chain Mail Armor
44:19 Iron Casting
48:26 Imperial Age
50:06 Bracer
merascolanariz
13:40 Feudal Age
14:37 Double-Bit Axe
16:40 Gold Mining
20:39 Castle Age
18:39 Stone Mining
22:57 Loom
29:28 Wheelbarrow
29:55 Horse Collar
30:48 Heavy Plow
33:03 Bow Saw
49:01 Fletching
49:17 Padded Archer Armor
49:53 Ballistics
MOROCHO
5:28 Loom
14:11 Feudal Age
16:40 Double-Bit Axe
17:17 Town Watch
19:14 Bloodlines
28:49 Castle Age
27:24 Wheelbarrow
32:35 Corvinian Army
32:48 Husbandry
36:15 Imperial Age
38:31 Scale Barding Armor
38:55 Medium Warships
42:30 Elite Magyar Huszar
45:46 Bow Saw
46:30 Gold Mining
ANTONIO JOSE DE SUCRE
12:43 Loom
16:20 Feudal Age
17:12 Double-Bit Axe
19:22 Gold Mining
22:28 Wheelbarrow
24:32 Castle Age
23:12 Town Watch
23:49 Forging
24:28 Scale Barding Armor
25:21 Bloodlines
27:15 Iron Casting
27:36 Horse Collar
40:37 Imperial Age
40:29 Bow Saw
40:25 Heavy Plow
41:06 Elite Steppe Lancer
43:31 Blast Furnace
45:14 Steppe Husbandry
zesar434
6:56 Loom
12:39 Loom
14:48 Feudal Age
15:47 Double-Bit Axe
16:58 Man-at-Arms
17:53 Arson
18:45 Fishing Lines
29:07 Castle Age
27:36 Forging
27:26 Scale Mail Armor
27:47 Gold Mining
27:51 Stone Mining
27:50 Horse Collar
28:49 Fletching
30:06 Bow Saw
30:38 Iron Casting
30:19 Chain Mail Armor
30:04 Long Swordsman
31:12 Gillnets
31:23 Gambesons
31:38 Squires
33:47 Bodkin Arrow
34:37 Gold Shaft Mining
36:00 Chieftains
40:46 Imperial Age
38:21 Heavy Plow
38:27 Town Watch
41:21 Town Patrol
42:28 Blast Furnace
41:59 Plate Mail Armor
41:59 Elite Berserk
43:07 Conscription
43:15 Bracer
45:18 Crop Rotation
48:14 Pikeman
LA PRESION II
5:18 Loom
16:23 Feudal Age
17:32 Double-Bit Axe
19:33 Wheelbarrow
18:46 Fishing Lines
20:18 Padded Archer Armor
20:09 Fletching
20:09 Horse Collar
20:23 Gold Mining
30:37 Castle Age
30:15 Stone Mining
31:56 Stone Shaft Mining
32:17 Crossbowman
33:07 Thumb Ring
34:30 Hand Cart
37:44 Husbandry
37:54 Bloodlines
44:18 Bloodlines
45:34 Murder Holes
48:12 Bodkin Arrow
Connection lost

Rejoining the realm…

Still unreachable

The connection could not be restored.

Session expired

The server has moved on; the page needs a fresh start.